Map: Simulacrum LE

Players

NORTHAMERICA - Winner!

  • Race: Protoss Protoss
  • League: Grandmaster
  • Spawn Location: 5:00

NoobRestart

  • Race: Zerg Zerg
  • League: Grandmaster
  • Spawn Location: 11:00

VOD

Have the link to the VOD?

Description

Time

  • Played on: Jan. 3, 2020, 3:14 a.m.
  • Length: 18:34
Show
View Real Time Build Order
Export as new Build Order

NORTHAMERICA Protoss - Winner!

Build Orders: 1 Gate Expand, Oracle Opening, Phoenix Opening, Archon Immortal 

Get SALT Encoding   

  12  0:01  Probe  
  13  0:13  Probe  
  14  0:20  Pylon  
  14  0:25  Probe  
  15  0:38  Probe (Chrono Boost)  
  15  0:39  Gateway  
  16  0:49  Assimilator, Probe (Chrono Boost)  
  17  0:54  Probe (Chrono Boost)  
  18  1:05  Probe  
  19  1:17  Probe  
  20  1:24  Nexus  
  20  1:38  Cybernetics Core  
  20  1:39  Probe  
  21  1:48  Assimilator  
  21  1:51  Probe  
  21  1:53  Pylon  
  22  2:03  Probe  
  23  2:11  Probe  
  23  2:12  Adept (Chrono Boost)  
  25  2:19  Probe  
  26  2:24  Stargate  
  27  2:31  Probe (Chrono Boost)  
  27  2:34  Stalker  
  30  2:38  Probe (Chrono Boost)  
  30  2:41  Warp Gate  
  32  2:48  Probe x2 (Chrono Boost)  
  33  2:53  Probe (Chrono Boost)  
  33  2:54  Probe  
  35  3:05  Probe  
  36  3:06  Probe  
  36  3:08  Phoenix  
  39  3:17  Probe  
  39  3:18  Probe  
  41  3:29  Probe, Gateway  
  41  3:30  Oracle (Chrono Boost), Probe  
  41  3:31  Pylon  
  46  3:36  Assimilator  
  46  3:38  Assimilator  
  46  3:49  Probe x2  
  46  3:51  Pylon  
  46  3:52  Pylon  
  48  3:57  Oracle (Chrono Boost)  
  48  4:01  Probe x2  
  53  4:13  Probe  
  53  4:14  Pylon  
  53  4:15  Probe  
  55  4:25  Robotics Facility, Probe  
  55  4:27  Probe  
  57  4:33  Adept  
  57  4:34  Adept  
  57  4:37  Probe  
  62  4:39  Probe  
  63  4:49  Probe  
  63  4:51  Probe  
  63  4:52  Nexus  
  65  4:55  Adept x2  
  67  5:01  Probe  
  67  5:03  Probe  
  68  5:14  Observer (Chrono Boost), Probe  
  70  5:15  Probe  
  71  5:26  Probe  
  71  5:27  Probe  
  73  5:29  Forge  
  73  5:30  Twilight Council  
  73  5:35  Gateway  
  69  5:37  Gateway  
  69  5:38  Probe  
  69  5:39  Probe  
  69  5:41  Pylon  
  71  5:45  Observer (Chrono Boost)  
  71  5:48  Sentry x2  
  76  5:50  Probe  
  76  5:51  Probe  
  76  5:55  Charge (Chrono Boost)  
  76  5:56  Pylon, Protoss Ground Weapons Level 1 (Chrono Boost)  
  78  5:57  Pylon  
  78  6:05  Probe  
  78  6:06  Probe  
  78  6:07  Immortal (Chrono Boost)  
  78  6:10  Templar Archives  
  84  6:15  Probe  
  85  6:21  Gateway  
  85  6:22  Gateway  
  85  6:26  Probe x2  
  85  6:29  Zealot x2  
  91  6:39  Immortal (Chrono Boost)  
  91  6:42  Probe  
  96  6:47  Gateway, Probe  
  96  6:48  Gateway  
  96  6:51  Probe  
  96  6:53  Assimilator  
  96  6:54  Probe  
  99  6:56  Assimilator  
  99  6:59  Psionic Storm  
  99  7:05  Shield Battery  
  98  7:09  Immortal (Chrono Boost)  
  98  7:12  Probe  
  98  7:13  High Templar x2  
  98  7:14  High Templar  
  108  7:22  Pylon  
  108  7:24  Pylon x2, Probe  
  108  7:27  Pylon  
  109  7:36  Zealot x3  
  115  7:44  Probe x3  
  115  7:49  High Templar x2  
  115  7:51  Warp Prism (Chrono Boost)  
  122  7:56  Archon  
  120  7:59  High Templar x2  
  120  8:01  Zealot x4  
  132  8:07  Photon Cannon  
  132  8:10  Shield Battery  
  132  8:12  Protoss Ground Weapons Level 2 (Chrono Boost), Probe  
  133  8:29  Nexus  
  133  8:30  Pylon  
  133  8:31  Stalker x2  
  133  8:32  Stalker  
  139  8:35  Stalker  
  135  8:43  Stalker x3  
  134  8:52  Immortal  
  134  8:54  Zealot  
  120  9:05  Zealot x2  
  120  9:06  Zealot  
  124  9:16  Probe  
  109  9:18  Probe  
  109  9:23  Probe  
  101  9:24  Zealot x3  
  87  9:32  Immortal  
  87  9:33  Probe  
  87  9:34  Probe  
  91  9:42  Photon Cannon  
  91  9:44  Shield Battery  
  91  9:48  High Templar  
  91  9:49  High Templar x4  
  91  9:50  High Templar  
  91  9:51  Probe (Chrono Boost)  
  104  9:53  Probe x2 (Chrono Boost)  
  104  9:55  Archon x2  
  104  9:58  High Templar  
  108  10:02  Probe (Chrono Boost)  
  108  10:03  Probe x2 (Chrono Boost)  
  108  10:04  Probe (Chrono Boost)  
  111  10:07  Probe (Chrono Boost)  
  111  10:11  Probe (Chrono Boost)  
  111  10:12  Probe (Chrono Boost)  
  111  10:14  Probe (Chrono Boost)  
  115  10:18  High Templar  
  115  10:20  Probe (Chrono Boost)  
  119  10:23  Probe (Chrono Boost)  
  119  10:25  Probe (Chrono Boost)  
  119  10:26  Probe x2 (Chrono Boost)  
  119  10:28  Probe (Chrono Boost)  
  122  10:31  High Templar  
  122  10:32  High Templar, Zealot x3, Probe  
  134  10:36  Archon  
  134  10:37  Zealot x2  
  134  10:42  Probe  
  139  10:48  Fleet Beacon  
  139  10:52  Zealot x2  
  139  10:53  Zealot  
  145  11:00  Probe  
  145  11:03  Immortal (Chrono Boost)  
  150  11:11  Robotics Facility  
  150  11:15  Archon  
  111  11:27  High Templar x2  
  111  11:28  Zealot x5  
  111  11:30  Assimilator  
  115  11:34  Assimilator  
  115  11:37  Immortal (Chrono Boost)  
  115  11:48  Photon Cannon  
  115  11:50  Photon Cannon  
  115  11:51  High Templar x2, Shield Battery  
  115  11:54  Photon Cannon, Pylon  
  119  11:58  Archon  
  119  12:00  Zealot x3  
  119  12:01  Zealot  
  127  12:02  Immortal (Chrono Boost)  
  131  12:11  Archon  
  131  12:13  Zealot x2  
  111  12:23  Stalker x2  
  100  12:43  High Templar x4  
  105  12:46  Zealot x2  
  105  12:47  Zealot  
  105  12:49  Probe  
  105  12:50  Immortal  
  108  12:53  Probe  
  108  12:55  Probe  
  108  12:57  Probe  
  106  13:02  Probe  
  106  13:04  Pylon  
  108  13:05  Probe  
  108  13:07  Probe  
  108  13:09  Probe  
  110  13:14  Probe  
  110  13:17  Probe  
  113  13:20  Probe (Chrono Boost)  
  113  13:22  Probe (Chrono Boost)  
  113  13:23  High Templar x2  
  113  13:24  Zealot  
  113  13:25  Zealot  
  113  13:26  Probe (Chrono Boost)  
  123  13:27  Archon  
  123  13:30  Probe (Chrono Boost)  
  123  13:32  Probe (Chrono Boost)  
  126  13:34  Probe (Chrono Boost)  
  126  13:37  Probe (Chrono Boost)  
  126  13:38  Zealot  
  126  13:39  Probe (Chrono Boost)  
  130  13:41  Zealot x2, Probe (Chrono Boost)  
  130  13:42  Zealot  
  123  13:55  Immortal (Chrono Boost)  
  123  13:57  Probe  
  122  14:09  Probe (Chrono Boost)  
  123  14:10  Probe x2 (Chrono Boost)  
  123  14:16  Probe (Chrono Boost)  
  126  14:19  Probe (Chrono Boost)  
  126  14:21  Observer (Chrono Boost), Probe (Chrono Boost)  
  126  14:23  Probe (Chrono Boost)  
  129  14:27  High Templar x4, Probe  
  129  14:28  Probe  
  129  14:30  Probe  
  141  14:32  Zealot  
  141  14:33  Archon x2  
  141  14:34  High Templar  
  146  14:41  Probe x2 (Chrono Boost)  
  146  14:42  Probe (Chrono Boost)  
  146  14:45  Immortal (Chrono Boost)  
  149  14:46  Probe (Chrono Boost)  
  133  15:10  Archon  
  133  15:11  Archon  
  133  15:13  Immortal  
  114  15:18  Zealot x2  
  114  15:19  Zealot x5  
  108  15:44  Photon Cannon  
  108  15:48  Zealot x3  
  108  15:49  Zealot x3  
  120  15:54  Probe  
  121  16:03  High Templar x2  
  123  16:05  Immortal x2  
  123  16:10  High Templar  
  123  16:11  High Templar x2  
  133  16:22  High Templar x2  
  133  16:24  Pylon, Probe  
  138  16:32  Probe  
  139  16:33  Probe  
  139  16:35  Probe  
  130  16:40  Probe  
  116  16:49  Probe  
  116  16:50  High Templar  
  116  16:51  High Templar x3  
  125  16:57  Archon, Probe (Chrono Boost)  
  125  16:58  Archon  
  125  16:59  Zealot x3  
  132  17:04  Probe (Chrono Boost)  
  132  17:08  Archon  
  135  17:10  Probe x2 (Chrono Boost)  
  135  17:18  Zealot  
  135  17:22  Zealot  
  131  17:23  Zealot  
  131  17:24  Probe  
  131  17:27  High Templar x2  
  138  17:30  Probe  
  138  17:36  Archon  
  128  17:48  Probe  
  128  17:56  High Templar x2  
  132  18:02  High Templar  
  132  18:03  Probe  
  132  18:04  Zealot x4, Archon  
  99  18:31  Zealot x2  
  99  18:32  Zealot x5  
Show
View Real Time Build Order
Export as new Build Order

NoobRestart Zerg 

Build Orders: Hatch First 

Get SALT Encoding   

  12  0:01  Drone  
  13  0:12  Overlord  
  13  0:17  Drone  
  14  0:31  Drone x2  
  16  0:49  Hatchery  
  15  0:52  Drone  
  15  0:56  Drone  
  17  0:59  Drone  
  18  1:11  Extractor  
  17  1:15  Spawning Pool  
  16  1:18  Drone  
  16  1:21  Drone  
  18  1:32  Drone  
  19  1:43  Drone  
  20  1:51  Overlord  
  20  2:01  Queen x2  
  20  2:02  Zergling x2  
  20  2:03  Drone  
  26  2:12  Drone x2  
  28  2:22  Drone  
  29  2:23  Drone  
  30  2:33  Drone x2  
  32  2:40  Hatchery  
  32  2:42  Pneumatized Carapace  
  31  2:48  Queen  
  33  2:52  Drone  
  33  2:55  Drone  
  33  2:56  Drone  
  36  3:00  Overlord  
  36  3:11  Metabolic Boost  
  36  3:12  Overlord  
  35  3:21  Drone  
  35  3:22  Drone x4  
  35  3:26  Queen  
  42  3:29  Overlord  
  42  3:35  Zergling x2  
  42  3:41  Zergling x4  
  45  3:45  Drone  
  45  3:46  Drone  
  45  3:48  Spore Crawler x2  
  46  3:50  Drone  
  46  3:53  Queen  
  48  3:59  Drone x2  
  50  4:05  Spore Crawler  
  50  4:06  Overlord  
  49  4:10  Evolution Chamber  
  49  4:15  Drone x5  
  53  4:18  Drone  
  53  4:19  Drone  
  53  4:21  Drone  
  53  4:22  Drone  
  57  4:26  Drone x2  
  57  4:27  Drone  
  59  4:32  Drone x3  
  59  4:34  Drone  
  59  4:38  Drone x2  
  65  4:42  Lair  
  65  4:45  Zerg Melee Weapons Level 1  
  65  4:51  Roach Warren  
  64  4:53  Extractor  
  63  5:03  Overlord  
  63  5:04  Overlord x2  
  63  5:06  Extractor  
  59  5:12  Spore Crawler, Overlord  
  58  5:17  Overlord x2  
  56  5:21  Zergling x6  
  56  5:22  Drone, Zergling x4  
  56  5:24  Drone x5  
  64  5:31  Drone x3  
  64  5:32  Drone  
  64  5:33  Drone  
  67  5:37  Drone x2  
  67  5:39  Zergling x4  
  71  5:44  Overseer, Glial Reconstitution  
  71  5:47  Drone x4  
  75  5:50  Drone x2  
  75  5:53  Drone  
  78  5:58  Drone  
  78  5:59  Drone  
  78  6:00  Drone, Extractor  
  78  6:01  Extractor  
  78  6:03  Drone x5  
  83  6:20  Hatchery  
  83  6:23  Roach  
  83  6:24  Roach x5  
  83  6:25  Roach  
  96  6:26  Baneling Nest  
  96  6:28  Roach  
  96  6:33  Overlord x3  
  96  6:41  Zerg Melee Weapons Level 2  
  96  6:44  Roach x3  
  96  6:45  Infestation Pit  
  101  6:47  Roach  
  101  6:49  Zergling x6  
  106  6:56  Overlord  
  106  6:57  Overlord  
  106  7:00  Roach x2  
  110  7:03  Roach  
  110  7:04  Roach  
  110  7:06  Roach x3  
  120  7:10  Drone x3  
  122  7:19  Drone x6  
  122  7:20  Baneling  
  122  7:21  Baneling x3  
  128  7:26  Hive  
  128  7:29  Extractor  
  127  7:30  Drone x4  
  127  7:31  Drone  
  127  7:35  Baneling  
  127  7:36  Baneling x3  
  132  7:42  Overlord x2  
  131  7:45  Drone x3  
  131  7:46  Centrifical Hooks  
  131  7:48  Evolution Chamber  
  131  7:49  Drone x2  
  131  7:50  Drone x2  
  136  7:59  Zergling x6  
  136  8:00  Zergling x12  
  136  8:02  Overlord  
  136  8:04  Zergling x4  
  147  8:05  Extractor  
  147  8:06  Baneling  
  147  8:07  Baneling x3  
  147  8:11  Zergling x2  
  147  8:12  Zergling x6  
  150  8:13  Zergling x2  
  150  8:14  Overseer  
  150  8:16  Zergling x2  
  150  8:18  Zergling x2  
  150  8:19  Baneling, Zergling x2  
  154  8:20  Baneling  
  154  8:30  Zergling x18  
  154  8:32  Zergling x2  
  163  8:34  Zergling x2  
  163  8:35  Zergling x2  
  163  8:38  Baneling x10  
  157  8:42  Zergling x2  
  157  8:44  Baneling x6  
  157  8:45  Baneling x2  
  157  8:46  Adrenal Glands  
  157  8:47  Roach  
  157  8:48  Roach x2, Zergling x2  
  151  8:58  Zergling x16  
  141  9:03  Zergling x2  
  141  9:04  Zergling x4  
  141  9:05  Zergling x2  
  137  9:11  Zergling x4  
  132  9:17  Roach x7  
  132  9:18  Ultralisk Cavern  
  136  9:29  Roach  
  136  9:30  Roach x3  
  131  9:31  Roach  
  131  9:32  Roach x5  
  131  9:46  Ravager x5  
  131  9:47  Zergling x2  
  131  9:49  Overlord x3  
  132  9:53  Baneling x2, Hatchery  
  132  9:54  Baneling x9  
  131  10:00  Zergling x2  
  131  10:01  Zergling x10  
  137  10:08  Overlord x3  
  137  10:19  Spine Crawler  
  136  10:22  Chitinous Plating  
  136  10:23  Spine Crawler  
  136  10:25  Ultralisk  
  136  10:26  Ultralisk  
  147  10:31  Zergling x14  
  147  10:32  Baneling  
  147  10:35  Zergling x6  
  157  10:44  Zergling x2  
  157  10:45  Zergling x12  
  157  10:49  Ravager x3  
  167  10:56  Zergling x6  
  166  11:14  Zergling x18  
  166  11:15  Zergling x6  
  150  11:21  Zergling x4  
  148  11:32  Zergling x6  
  147  11:44  Baneling Nest  
  146  11:50  Ultralisk x3  
  146  11:54  Zergling x12  
  165  11:56  Hatchery  
  144  12:16  Zergling x2  
  144  12:17  Zergling x14  
  138  12:25  Ultralisk  
  138  12:26  Zergling x2, Ultralisk  
  138  12:28  Zergling x2  
  138  12:29  Zergling x2  
  144  12:31  Zergling x4  
  144  12:35  Zergling x6  
  130  12:37  Zergling x2  
  130  12:39  Zergling x2  
  130  12:40  Zergling x2  
  130  12:41  Zergling x4  
  129  12:51  Viper  
  129  12:52  Viper x2  
  129  12:53  Zergling x2  
  129  12:57  Zergling x4  
  140  13:04  Ultralisk  
  145  13:13  Spine Crawler  
  145  13:14  Zergling x8  
  145  13:19  Spine Crawler  
  145  13:32  Zergling x2  
  146  13:39  Zergling x2  
  146  13:41  Zergling x8  
  150  13:42  Zergling x10  
  150  13:44  Zergling x2  
  150  13:47  Zergling x12  
  153  13:49  Zergling x6  
  153  13:53  Zergling x2  
  148  13:58  Baneling x3  
  148  13:59  Zergling x4  
  149  14:03  Zergling x2  
  149  14:04  Zergling x6  
  149  14:07  Zergling x2  
  149  14:08  Baneling  
  154  14:13  Zergling x2  
  154  14:16  Zergling x2  
  154  14:17  Zergling x2  
  154  14:22  Zergling x2  
  155  14:24  Zergling x2  
  155  14:25  Zergling x18  
  164  14:34  Extractor  
  164  14:37  Overlord x2  
  163  14:38  Baneling  
  163  14:39  Baneling x19, Overlord x2  
  163  14:45  Spire  
  135  15:07  Zergling x24  
  135  15:08  Zergling x6  
  135  15:10  Zergling x2  
  135  15:11  Zergling x4  
  100  15:26  Ultralisk  
  100  15:27  Ultralisk x2  
  112  15:29  Zergling x2  
  113  15:35  Baneling  
  113  15:36  Baneling x7  
  113  15:40  Baneling  
  113  15:41  Baneling x11  
  113  15:43  Zergling x2  
  97  15:57  Zergling x14  
  92  16:21  Zergling x4, Ultralisk  
  92  16:22  Zergling x6  
  92  16:24  Zergling x4  
  105  16:32  Zergling x2  
  98  16:34  Zergling x2  
  98  16:35  Zergling x2  
  93  16:47  Zergling x6  
  93  16:51  Overseer, Queen  
  97  16:59  Overseer  
  97  17:01  Ultralisk x2  
  109  17:02  Zergling x2  
  109  17:04  Zergling x2  
  109  17:05  Zergling x2  
  109  17:06  Zergling x2  
  112  17:10  Hatchery  
  112  17:14  Baneling x4  
  108  17:16  Zergling x4  
  108  17:20  Zergling x2  
  108  17:26  Zergling x6  
  108  17:27  Zergling x2  
  112  17:32  Zergling x2  
  112  17:33  Zergling x2  
  112  17:34  Zergling x2  
  114  17:43  Ultralisk  
  112  18:11  Zergling x2  
  112  18:12  Zergling x18  
Tags
 
Add a new tag
Caveats
  • Supply blocks, unpowered buildings, or Contaminate may cause inaccurate times.
  • Supply counts are checked every 10 seconds.